 Dungeon Crawl Stone Soup version 0.21.1-1-g345015f (webtiles) character file.

928 tidbits the Grave Robber (level 8, -1/84 (85) HPs)
             Began as a Gnoll Necromancer on June 13, 2018.
             Was an Initiate of Cheibriados.
             Slain by a killer bee (2 damage)
             ... on level 6 of the Dungeon.
             The game lasted 00:15:03 (1126 turns).

tidbits the Grave Robber (Gnoll Necromancer)        Turns: 1126, Time: 00:15:04

HP:   -1/84 (85)    AC:  4    Str: 17      XL:     8   Next: 11%
MP:   3/16          EV: 15    Int: 20      God:    Cheibriados [......]
Gold: 106           SH:  0    Dex: 15 (17) Spells: 1/18 levels left

rFire    + . .     SeeInvis .   d - +0 dagger
rCold    . . .     Gourm    .   (no shield)
rNeg     . . .     Faith    .   B - +0 robe {MR+}
rPois    +         Spirit   .   (no helmet)
rElec    .         Reflect  .   (no cloak)
rCorr    .         Harm     .   (no gloves)
MR       +....                  (no boots)
Stlth    ..........             (no amulet)
HPRegen  0.24/turn              (no ring)
MPRegen  0.15/turn              (no ring)

@: berserking (expiring), lethally poisoned (-1 -> -5), very slightly
contaminated, invisible, very slow
A: distributed training, fangs 1, icy blue scales 1, fire resistance 1, poison
resistance, strong nose
a: Bend Time, Renounce Religion


You were on level 6 of the Dungeon.
You worshipped Cheibriados.
Cheibriados was noncommittal.
You were not hungry.

You visited 2 branches of the dungeon, and saw 7 of its levels.

You collected 106 gold pieces.

Inventory:

Hand Weapons
 d - a +0 dagger (weapon)
 f - a +0 dire flail
 h - a +1 mace of crushing
   (You took it off an orc on level 4 of the Dungeon)
 i - a +0 short sword
 m - a +0 trident
 n - a +0 long sword
 p - a +0 shortbow
 v - a +0 war axe
Missiles
 g - 5 javelins (quivered)
 j - 4 stones
 q - 23 arrows
Armour
 a - a +0 robe
 x - a cursed +0 buckler
 B - a +0 robe of magic resistance (worn)
   (You found it on level 2 of the Dungeon)
Magical Staves
 u - an uncursed staff of wizardry {unknown}
   (You found it on level 6 of the Dungeon)
Scrolls
 l - a scroll of amnesia
 w - a scroll of teleportation
Potions
 e - a potion of curing
 k - a potion of mutation {!q}
 t - a potion of heal wounds {unknown}
Books
 b - a book of Necromancy

   Spells                             Type                      Level
   a - Pain                           Necromancy                   1
   b - Animate Skeleton               Necromancy                   1
   c - Vampiric Draining              Necromancy                   3
   d - Regeneration                   Charms/Necromancy            3
   e - Animate Dead                   Necromancy                   4
   f - Borgnjor's Vile Clutch         Necromancy/Earth             5
 o - a book of Callings
   (You found it on level 5 of the Dungeon)

   Spells                             Type                      Level
   a - Summon Small Mammal            Summoning                    1
   b - Call Imp                       Summoning                    2
   c - Call Canine Familiar           Summoning                    3
   d - Summon Guardian Golem          Hexes/Summoning              3
   e - Summon Lightning Spire         Summoning/Air                4
   f - Summon Ice Beast               Ice/Summoning                4
Comestibles
 c - 3 rations


   Skills:
 + Level 2.9 Fighting
 + Level 2.9 Short Blades
 + Level 2.9 Long Blades
 + Level 2.9 Axes
 + Level 2.9 Maces & Flails
 + Level 2.9 Polearms
 + Level 2.9 Staves
 + Level 2.9 Slings
 + Level 2.9 Bows
 + Level 2.9 Crossbows
 + Level 2.9 Throwing
 + Level 2.9 Armour
 + Level 5.4 Dodging
 + Level 5.1 Stealth
 + Level 2.9 Shields
 + Level 2.9 Unarmed Combat
 + Level 5.8 Spellcasting
 + Level 2.3 Conjurations
 + Level 2.3 Hexes
 + Level 2.3 Charms
 + Level 2.3 Summonings
 + Level 7.5 Necromancy
 + Level 2.3 Translocations
 + Level 2.3 Transmutations
 + Level 2.3 Fire Magic
 + Level 2.3 Ice Magic
 + Level 2.3 Air Magic
 + Level 2.3 Earth Magic
 + Level 2.3 Poison Magic
 + Level 3.2 Invocations
 + Level 2.9 Evocations


You had one spell level left.
You knew the following spells:

 Your Spells              Type           Power        Failure   Level  Hunger
a - Pain                  Necr           ####         1%          1    None
d - Vampiric Draining     Necr           #####.....   1%          3    ##.....
n - Animate Skeleton      Necr           N/A          1%          1    None
r - Regeneration          Chrm/Necr      ####......   4%          3    ##.....
v - Borgnjor's Vile Clut  Necr/Erth      ####......   36%         5    #####..
L - Summon Lightning Spi  Summ/Air       ###.....     38%         4    ####...


Dungeon Overview and Level Annotations

Branches:
Dungeon (6/15)             Temple (1/1) D:6

Altars:
Cheibriados
Dithmenos
Elyvilon
Gozag
Hepliaklqana
Kikubaaqudgha
Makhleb
Okawaru
Qazlal
Ru
Trog
Wu Jian
Xom
Yredelemnul
Zin

Annotations:
D:4 Grinder


Innate Abilities, Weirdness & Mutations

Your experience applies equally to all skills.
You have very sharp teeth.
Your uncanny sense of smell can sniff out nearby items.
You are partially covered in icy blue scales. (AC +2)
Your flesh is heat resistant. (rF+)
Your system is resistant to poisons. (rPois)


Message History

The killer bee poisons you!
You barely miss the killer bee.
The killer bee is heavily wounded.
You feel sick. The killer bee stings you! The killer bee completely misses you.
The killer bee stings your lightning spire.
The killer bee barely misses you. The killer bee completely misses you.
Unknown command.
You hit the killer bee.
The killer bee is severely wounded.
The killer bee misses you. The killer bee stings you. x2
The killer bee misses you. The killer bee completely misses you.
You catch the helpless killer bee completely off-guard!
You puncture the killer bee!
You kill the killer bee!
Cheibriados thoroughly appreciates the change of pace.
You feel your dexterity returning.
You have reached level 8!
You feel agile. The killer bee closely misses you. The killer bee stings you.
The killer bee barely misses you.
You barely miss the killer bee.
The killer bee is moderately wounded.
You feel sick.
The killer bee stings you but does no damage.
The killer bee closely misses you. The killer bee stings you.
* * * LOW HITPOINT WARNING * * *
The killer bee closely misses you.
You hit the killer bee but do no damage.
The killer bee is moderately wounded.
The killer bee closely misses you. The killer bee misses you. x2
The killer bee completely misses you. The killer bee misses you. x2
You barely miss the killer bee.
The killer bee is moderately wounded.
The killer bee misses you. The killer bee barely misses you.
The killer bee closely misses you. The killer bee barely misses you.
You miss the killer bee.
The killer bee is moderately wounded.
You feel sick. The killer bee closely misses you.
The killer bee barely misses you. The killer bee closely misses you.
The killer bee barely misses you. x2
You hit the killer bee.
The killer bee is lightly wounded.
The killer bee barely misses you. The killer bee stings you.
* * * LOW HITPOINT WARNING * * *
The killer bee barely misses you. x2
It was a potion of berserk rage.
A red film seems to cover your vision as you go berserk!
Cheibriados protects you from inadvertent hurry.
You feel mighty!
The killer bee stings you but does no damage.
The killer bee stings you!
* * * LOW HITPOINT WARNING * * *
The killer bee stings you!
* * * LOW HITPOINT WARNING * * *
You are more poisoned.
The killer bee poisons you! The killer bee misses you.
The killer bee barely misses you. The killer bee closely misses you.
You puncture the killer bee! Your punch misses the killer bee.
The killer bee is severely wounded.
You feel sick. The killer bee completely misses you.
The killer bee barely misses you. x2; The killer bee misses you.
The killer bee stings you.
* * * LOW HITPOINT WARNING * * *
The killer bee stings you but does no damage.
You miss the killer bee.
The killer bee is severely wounded.
You feel sick.
The killer bee stings you but does no damage.
The killer bee barely misses you. The killer bee misses you.
You hit the killer bee. Your bite misses the killer bee.
The killer bee is almost dead.
The killer bee misses you. The killer bee closely misses you. x2
The killer bee barely misses you. The killer bee completely misses you.
The killer bee closely misses you. The killer bee barely misses you.
You strike the helpless killer bee from behind!
You impale the killer bee!!
You kill the killer bee!
Cheibriados thoroughly appreciates the change of pace.
You feel sick. The killer bee stings you.
* * * LOW HITPOINT WARNING * * *
The killer bee closely misses you. The killer bee barely misses you.
The killer bee closely misses you. The killer bee barely misses you.
A worker ant comes into view.
You puncture the killer bee! Your bite misses the killer bee.
The killer bee is severely wounded.
You feel sick. The killer bee stings you!
* * * LOW HITPOINT WARNING * * *
The killer bee barely misses you. The killer bee misses you.
The killer bee closely misses you. The killer bee barely misses you.
The killer bee misses you.
You puncture the killer bee!
You kill the killer bee!
Cheibriados thoroughly appreciates the change of pace.
You feel your dexterity returning.
The worker ant twitches its antennae in your direction.
The killer bee stings you but does no damage. x2
The killer bee stings you.
* * * LOW HITPOINT WARNING * * *
The killer bee stings you.
You die...

#.....# #...#....
#.....# #..###...
#.....# #...#....
#.....# #........
#.....# #........
####'#######........
#............[#....
#............###...
#.@y8.........#..#.
###y#########...###
y# ##### # a. ... ∆
.a.. (.... ...... ∆


You could see 2 worker ants, 3 killer bees and a friendly lightning spire.

Vanquished Creatures
  An orc warrior (D:6)
  A necrophage (D:6)
  2 centaurs
  3 killer bees (D:6)
  A howler monkey (D:4)
  A bullfrog zombie (D:6)
  2 crimson imps
  A quasit (D:6)
  4 orc priests
  2 orc wizards
  A worker ant zombie (D:6)
  3 adders
  2 shadow imps
  2 worms
  A dart slug (D:2)
  A leopard gecko (D:1)
  9 orcs
  A giant cockroach (D:4)
  3 goblins (D:1)
  2 hobgoblins (D:1)
  5 kobolds
  3 quokkas
  2 bats (D:1)
  2 frilled lizards
  A jackal skeleton (D:6)
  A leopard gecko skeleton (D:5)
  2 rats (D:2)
59 creatures vanquished.

Notes
Turn   | Place    | Note
-------+----------+-------------------------------------------
     0 | D:1      | tidbits the Gnoll Necromancer began the quest for the Orb.
     0 | D:1      | Reached XP level 1. HP: 13/13 MP: 6/6
    30 | D:1      | Reached XP level 2. HP: 10/19 MP: 0/7
    33 | D:1      | Learned a level 1 spell: Animate Skeleton
   165 | D:2      | Reached XP level 3. HP: 6/25 MP: 1/9
   170 | D:2      | Learned a level 3 spell: Vampiric Draining
   174 | D:2      | Learned a level 3 spell: Regeneration
   227 | D:2      | Reached skill level 5 in Spellcasting
   243 | D:2      | Reached skill level 1 in Invocations
   326 | D:4      | Reached skill level 1 in Fighting
   326 | D:4      | Reached skill level 1 in Short Blades
   326 | D:4      | Reached skill level 1 in Long Blades
   326 | D:4      | Reached skill level 1 in Axes
   326 | D:4      | Reached skill level 1 in Maces & Flails
   326 | D:4      | Reached skill level 1 in Polearms
   326 | D:4      | Reached skill level 1 in Staves
   326 | D:4      | Reached skill level 1 in Slings
   326 | D:4      | Reached skill level 1 in Bows
   326 | D:4      | Reached skill level 1 in Crossbows
   326 | D:4      | Reached skill level 1 in Throwing
   326 | D:4      | Reached skill level 1 in Armour
   326 | D:4      | Reached skill level 1 in Shields
   326 | D:4      | Reached skill level 1 in Unarmed Combat
   326 | D:4      | Reached skill level 1 in Evocations
   326 | D:4      | Reached XP level 4. HP: 18/32 MP: 0/11
   351 | D:4      | Noticed Grinder
   389 | D:4      | Reached skill level 1 in Conjurations
   389 | D:4      | Reached skill level 1 in Hexes
   389 | D:4      | Reached skill level 1 in Charms
   389 | D:4      | Reached skill level 1 in Summonings
   389 | D:4      | Reached skill level 1 in Translocations
   389 | D:4      | Reached skill level 1 in Transmutations
   389 | D:4      | Reached skill level 1 in Fire Magic
   389 | D:4      | Reached skill level 1 in Ice Magic
   389 | D:4      | Reached skill level 1 in Air Magic
   389 | D:4      | Reached skill level 1 in Earth Magic
   389 | D:4      | Reached skill level 1 in Poison Magic
   397 | D:4      | Reached XP level 5. HP: 36/37 MP: 0/12
   533 | D:4      | Gained mutation: Your system is resistant to poisons. (rPois) [potion of mutation]
   533 | D:4      | Gained mutation: Your flesh is heat resistant. (rF+) [potion of mutation]
   533 | D:4      | Gained mutation: You are partially covered in icy blue scales. (AC +2) [potion of mutation]
   577 | D:4      | You fall through a shaft!
   577 | D:5      | Entered Level 5 of the Dungeon
   621 | D:5      | Reached XP level 6. HP: 15/44 MP: 5/13
   624 | D:5      | Reached skill level 2 in Invocations
   682 | D:5      | Reached skill level 2 in Fighting
   682 | D:5      | Reached skill level 2 in Short Blades
   682 | D:5      | Reached skill level 2 in Long Blades
   682 | D:5      | Reached skill level 2 in Axes
   682 | D:5      | Reached skill level 2 in Maces & Flails
   682 | D:5      | Reached skill level 2 in Polearms
   682 | D:5      | Reached skill level 2 in Staves
   682 | D:5      | Reached skill level 2 in Slings
   682 | D:5      | Reached skill level 2 in Bows
   682 | D:5      | Reached skill level 2 in Crossbows
   682 | D:5      | Reached skill level 2 in Throwing
   682 | D:5      | Reached skill level 2 in Armour
   682 | D:5      | Reached skill level 5 in Dodging
   682 | D:5      | Reached skill level 2 in Shields
   682 | D:5      | Reached skill level 2 in Unarmed Combat
   682 | D:5      | Reached skill level 2 in Evocations
   691 | D:5      | Learned a level 5 spell: Borgnjor's Vile Clutch
   803 | D:6      | Reached XP level 7. HP: 33/50 MP: 9/15
   870 | D:6      | Found an ancient bone altar of Kikubaaqudgha.
   871 | D:6      | Found a shadowy altar of Dithmenos.
   871 | D:6      | Found a bloodstained altar of Trog.
   872 | D:6      | Found an iron altar of Okawaru.
   872 | D:6      | Found a basalt altar of Yredelemnul.
   876 | D:6      | Found an ornate altar of the Wu Jian Council.
   876 | D:6      | Found a hazy altar of Hepliaklqana.
   876 | D:6      | Found a sacrificial altar of Ru.
   876 | D:6      | Found a glowing silver altar of Zin.
   876 | D:6      | Found a white marble altar of Elyvilon.
   876 | D:6      | Found a shimmering altar of Xom.
   876 | D:6      | Found an opulent altar of Gozag.
   879 | D:6      | Found a staircase to the Ecumenical Temple.
   931 | Temple   | Entered the Ecumenical Temple
   937 | Temple   | Became a worshipper of Cheibriados the Contemplative
   962 | D:6      | Reached skill level 2 in Conjurations
   962 | D:6      | Reached skill level 2 in Hexes
   962 | D:6      | Reached skill level 2 in Charms
   962 | D:6      | Reached skill level 2 in Summonings
   962 | D:6      | Reached skill level 2 in Translocations
   962 | D:6      | Reached skill level 2 in Transmutations
   962 | D:6      | Reached skill level 2 in Fire Magic
   962 | D:6      | Reached skill level 2 in Ice Magic
   962 | D:6      | Reached skill level 2 in Air Magic
   962 | D:6      | Reached skill level 2 in Earth Magic
   962 | D:6      | Reached skill level 2 in Poison Magic
  1037 | D:6      | Reached skill level 5 in Stealth
  1077 | D:6      | Reached skill level 3 in Invocations
  1088 | D:6      | Learned a level 4 spell: Summon Lightning Spire
  1114 | D:6      | Reached XP level 8. HP: 33/56 MP: 2/16
  1125 | D:6      | HP: 3/84 [killer bee (7)]
  1126 | D:6      | HP: 1/84 [killer bee (2)]
  1126 | D:6      | Slain by a killer bee

Skill      XL: |  1  2  3  4  5  6  7 |
---------------+----------------------+-----
Spellcasting   | 5 |  5.8
Invocations    | 1 2 3 |  3.2
Fighting       | 1 2 |  2.9
Short Blades   | 1 2 |  2.9
Long Blades    | 1 2 |  2.9
Axes           | 1 2 |  2.9
Maces & Flails | 1 2 |  2.9
Polearms       | 1 2 |  2.9
Staves         | 1 2 |  2.9
Slings         | 1 2 |  2.9
Bows           | 1 2 |  2.9
Crossbows      | 1 2 |  2.9
Throwing       | 1 2 |  2.9
Armour         | 1 2 |  2.9
Shields        | 1 2 |  2.9
Unarmed Combat | 1 2 |  2.9
Evocations     | 1 2 |  2.9
Conjurations   | 1 2 |  2.3
Hexes          | 1 2 |  2.3
Charms         | 1 2 |  2.3
Summonings     | 1 2 |  2.3
Translocations | 1 2 |  2.3
Transmutations | 1 2 |  2.3
Fire Magic     | 1 2 |  2.3
Ice Magic      | 1 2 |  2.3
Air Magic      | 1 2 |  2.3
Earth Magic    | 1 2 |  2.3
Poison Magic   | 1 2 |  2.3
Dodging        | 5 |  5.4
Stealth        | 5 |  5.1
Necromancy     | |  7.5

Action                   |  1- 3 |  4- 6 |  7- 9 || total
-------------------------+-------+-------+-------++-------
Melee: Dagger            |    10 |    12 |    19 ||    41
       Mace              |       |    11 |    54 ||    65
       Bite              |       |     4 |     5 ||     9
       Punch             |       |       |     1 ||     1
Throw: Javelin           |    10 |    27 |    11 ||    48
 Cast: Pain              |    30 |    30 |    15 ||    75
       Regeneration      |     2 |     2 |     5 ||     9
       Vampiric Draining |     1 |     3 |     1 ||     5
       Summon Lightning  |       |       |     1 ||     1
       Borgnjor's Vile C |       |       |     1 ||     1
  Use: Potion            |       |     5 |     2 ||     7
       Scroll            |       |     2 |     2 ||     4
 Stab: Sleeping          |     2 |     2 |       ||     4
       Invisible         |       |     1 |     2 ||     3
  Eat: Ration            |       |       |     1 ||     1
Armor: Robe              |     3 |     6 |    48 ||    57
Dodge: Dodged            |    27 |    33 |   159 ||   219

Table legend:
 A = Turns spent in this place as a percentage of turns spent in the entire game.
 B = Non-inter-level travel turns spent in this place as a percentage of non-inter-level travel turns spent in the entire game.
 C = Inter-level travel turns spent in this place as a percentage of turns spent in this place.
 D = Turns resting spent in this place as a percentage of non-inter-level travel turns spent in this place.
 E = Turns spent auto-exploring this place as a percentage of non-inter-level travel turns spent in this place.
 F = Non-inter-level travel turns spent in this place divided by the number of levels of this place that you've seen.
                   A       B       C       D       E      F
               +-------+-------+-------+-------+-------+----------------------
         Total | 100.0 | 100.0 |   0.0 |   0.0 |   0.0 | 160.9
       Dungeon |  98.8 |  98.8 |   0.0 |   0.0 |   0.0 | 185.5
        Temple |   1.2 |   1.2 |   0.0 |   0.0 |   0.0 |  13.0
               +-------+-------+-------+-------+-------+----------------------

Table legend:
 A = Kills in this place as a percentage of kills in entire the game.
 B = Kills by you in this place as a percentage of kills by you in the entire game.
 C = Kills by friends in this place as a percentage of kills by friends in the entire game.
 D = Other kills in this place as a percentage of other kills in the entire game.
 E = Experience gained in this place as a percentage of experience gained in the entire game.
 F = Experience gained in this place divided by the number of levels of this place that you have seen.
                   A       B       C       D       E      F
               +-------+-------+-------+-------+-------+----------------------
         Total | 100.0 | 100.0 |   N/A |   N/A | 100.0 | 189.4
       Dungeon | 100.0 | 100.0 |   N/A |   N/A | 100.0 | 221.0
               +-------+-------+-------+-------+-------+----------------------

Vault maps used:
D:1:      minmay_arrival_solitary_statue, minmay_tetromino_s4
D:2:      lemuel_coloured_pillars_altar, chequers_ecumenical_altar_simple_redux,
          kennysheep_potato, uniq_crazy_yiuf_cottage
D:3:      grunt_ministairs_7, st_stairs_1, minivault_27,
          minmay_misc_feat_hallway, roderic_lattice_a, uniq_sigmund, uniq_robin
D:4:      grunt_decor_mini_mirrors, uniq_grinder
D:5:      first_ration
D:6:      temple_doors_ab, serial_glass, glass_columns_a, glass_columns_b,
          minmay_strange_pillars, item_on_display_a, item_on_display_a,
          minmay_strange_pillars
Temple:   eino_temple_rhombus
